Flyers vs Devils

Created - April 3, 2016 at 10:35

Goals
1 2 3 T
Flyers 2 0 1 3
Devils 3 3 0 6
Shots
1 2 3 T
Flyers 14 13 11 38
Devils 14 13 13 40

1st period

1. Flyers , Olli Jokinen 11 (James Sheppard, Andrew MacDonald) at 3:03
2. Devils , Tommy Wingels 10 (Michal Rozsival, Nick Schultz) at 6:34
3. Devils , Mikko Koivu 25 (Johan Franzen) at 8:31
4. Flyers , Mike Santorelli 24 (Martin Marincin, Kyle Brodziak) at 15:16
5. Devils , Johan Franzen 15 (Anton Stralman, Dougie Hamilton) at 16:52

Penalties :
James Neal (NJD) for Close Hand On Puck (Minor) at 4:02, Dougie Hamilton (NJD) for Tripping (Minor) at 11:50, Dan Hamhuis (NJD) for Boarding (Minor) at 17:13

2nd period

6. Devils , Michal Rozsival 2 (Brandon Sutter, Nick Schultz) at 11:33
7. Devils , Johan Franzen 16 (Dougie Hamilton, Anton Stralman) at 12:29
8. Devils , Trevor Daley 12 (Tommy Wingels, Justin Schultz) at 18:48

Penalties :
Trevor Daley (NJD) for Tripping (Minor) at 9:09

3rd period

9. Flyers , Brian Gionta 17 (James Sheppard, Damon Severson) at 8:37 (PP)

Penalties :
Tommy Wingels (NJD) for Slashing (Minor) at 7:22

Goalie Stats

Chad Johnson (PHI), 34 saves from 40 shots - (0.850), L, 3-6-0, 60:00 minutes
Michal Neuvirth (NJD), 35 saves from 38 shots - (0.921), W, 6-3-2, 60:00 minutes

Players Stats for Flyers

Player Name              G  A  P  +/- PIM S  H  SB GA TA FO     MP     PP MP  PK MP  
------------------------------------------------------------------------------------
Alexander Killorn        0  0  0  -2  0   2  0  0  0  0  2/3    22:32   5:12   0:00 
Andrew MacDonald         0  1  1  -2  0   1  0  1  0  0  0/0    15:57   0:00   0:00 
Brian Gionta             1  0  1  -2  0   4  2  0  0  0  2/4    20:45   3:59   0:00 
Damien Brunner           0  0  0   1  0   1  0  0  0  0  0/1    15:29   0:00   0:00 
Damon Severson           0  1  1  -1  0   0  0  1  0  0  0/0    22:17   5:10   0:00 
Dan Boyle                0  0  0  -1  0   2  0  1  0  0  0/0    21:46   4:01   0:00 
James Sheppard           0  2  2   0  0   1  3  0  0  0  6/11    8:49   3:59   0:00 
Jean-Gabriel Pageau      0  0  0  -3  0   2  3  1  0  0  13/23  18:00   0:00   0:00 
Joel Ward                0  0  0  -3  0   1  0  0  0  0  0/0    18:00   0:00   0:00 
Kyle Brodziak            0  1  1   1  0   2  0  0  0  0  9/15   11:13   0:00   0:00 
Luca Sbisa               0  0  0   1  0   3  0  1  0  0  0/0     9:39   5:10   0:00 
Martin Marincin          0  1  1  -1  0   2  1  0  0  0  0/0    17:45   0:00   0:00 
Mike Ribeiro             0  0  0  -2  0   6  0  0  0  0  13/30  21:58   5:12   0:00 
Mike Santorelli          1  0  1   1  0   4  6  0  0  0  2/3    16:25   5:12   0:00 
Olli Jokinen             1  0  1   0  0   2  0  0  0  0  0/0     8:49   3:59   0:00 
Pierre-Alexandr Parentea 0  0  0  -3  0   4  0  0  0  0  1/2    18:00   0:00   0:00 
Ryan Ellis               0  0  0  -1  0   1  0  2  0  0  0/0    21:08   4:01   0:00 
Tom Gilbert              0  0  0  -3  0   0  1  1  0  0  0/0    11:28   0:00   0:00 

Players Stats for Devils

Player Name              G  A  P  +/- PIM S  H  SB GA TA FO     MP     PP MP  PK MP  
------------------------------------------------------------------------------------
Ales Hemsky              0  0  0   0  0   0  0  0  0  0  0/0     3:36   0:00   0:00 
Anton Stralman           0  2  2   0  0   0  2  6  0  0  0/0    25:13   0:00   4:59 
Brandon Sutter           0  1  1   2  0   4  0  0  0  0  6/14   14:57   0:00   3:23 
Dan Hamhuis              0  0  0   0  2   0  0  1  0  0  0/0    18:28   0:00   3:22 
Darren Helm              0  0  0   3  0   1  1  1  0  0  0/1    11:52   0:00   0:00 
Derek Roy                0  0  0   0  0   0  0  0  0  0  0/0     0:00   0:00   0:00 
Dougie Hamilton          0  2  2   0  2   1  1  1  0  0  0/0    24:19   0:00   4:06 
Drew Stafford            0  0  0  -1  0   3  4  0  0  0  1/2    23:40   0:00   3:23 
James Neal               0  0  0   3  2   3  3  0  0  0  0/0    15:35   0:00   0:00 
Johan Franzen            2  1  3   2  0   3  3  0  0  0  1/1    15:36   0:00   0:32 
Justin Schultz           0  1  1   1  0   0  1  0  0  0  0/0     6:41   0:00   2:36 
Michal Rozsival          1  1  2   3  0   1  0  1  0  0  0/0    11:23   0:00   0:00 
Mikko Koivu              1  0  1   2  0   5  1  0  0  0  19/41  24:14   0:00   5:48 
Nick Schultz             0  2  2   3  0   1  0  3  0  0  0/0    11:23   0:00   0:00 
Tommy Wingels            1  1  2   3  2   3  6  1  0  0  0/2    15:27   0:00   0:00 
Trevor Daley             1  0  1   1  2   3  1  0  0  0  0/0    22:30   0:00   3:19 
Tyler Johnson            0  0  0  -1  0   7  1  1  0  0  16/28  20:17   0:00   0:00 
Valtteri Filppula        0  0  0  -1  0   5  0  0  0  0  1/3    25:33   0:00   5:16 

3 Stars

1 - Johan Franzen (NJD)
2 - Tommy Wingels (NJD)
3 - Michal Rozsival (NJD)

Power Play

Flyers - 1 on 5 Attempt(s) - 20.00%
Devils - 0 on 0 Attempt(s) - 0.00%

Penalty Kill

Flyers - 0 on 0 Attempt(s) - 0.00% - Score 0 goal in Penalty Kill
Devils - 4 on 5 Attempt(s) - 80.00% - Score 0 goal in Penalty Kill

Team Stat

Flyers - Hits : 16 - Faceoff Wins : 48 - Blocked Shots : 8 - Penalty Minutes : 0
Devils - Hits : 24 - Faceoff Wins : 44 - Blocked Shots : 15 - Penalty Minutes : 10

Official

Referees : Justin St. Pierre and Brian Pochmara
Linesman : Steve Miller and Trent Knorr

Game Notes

No Game Note

Finance

Level 1 -- Attendance: 2578 (42.97%) -- Ticket Income $580,050
Level 2 -- Attendance: 1787 (35.74%) -- Ticket Income $312,725
Level 3 -- Attendance: 988 (49.40%) -- Ticket Income $148,200
Level 4 -- Attendance: 737 (20.33%) -- Ticket Income $92,125
Luxury Box -- Attendance: 496 (49.60%) -- Ticket Income $186,000
Game was played at the Prudential Center.
Total Attendance: 6586 (37.37%)
Total Ticket Income: $1,319,100
Other Income: $197,865
Total Income: $1,516,965

% Time on Ice - Flyers

Lines # - Real PCT - Wanted PCT - Time Play
Normal Forward
1 - 33% - 32% - 16:46
2 - 35% - 32% - 18:00
3 - 22% - 24% - 11:13
4 - 10% - 12% - 4:50
Normal Defense
1 - 34% - 32% - 17:07
2 - 35% - 32% - 17:45
3 - 23% - 24% - 11:28
4 - 9% - 12% - 4:29
PP Forward
1 - 57% - 50% - 5:12
2 - 43% - 50% - 3:59
PP Defense
1 - 44% - 50% - 4:01
2 - 56% - 50% - 5:10
PK Forward
1 - 0% - 55%
2 - 0% - 45%
PK Defense
1 - 0% - 55%
2 - 0% - 45%
PK3 Forward
1 - 0% - 60%
2 - 0% - 40%
PK3 Defense
1 - 0% - 60%
2 - 0% - 40%
44 Forward
1 - 0% - 50%
2 - 0% - 50%
44 Defense
1 - 0% - 55%
2 - 0% - 45%
Last Minute Offensive  - 0:00
Last Minute Defensive  - 0:00
Total
Forward - 60:00
Defense - 60:00

% Time on Ice - Devils

Lines # - Real PCT - Wanted PCT - Time Play
Normal Forward
1 - 40% - 40% - 20:17
2 - 30% - 30% - 15:04
3 - 23% - 20% - 11:52
4 - 7% - 10% - 3:36
Normal Defense
1 - 40% - 40% - 20:14
2 - 30% - 30% - 15:07
3 - 22% - 20% - 11:23
4 - 8% - 10% - 4:05
PP Forward
1 - 0% - 70%
2 - 0% - 30%
PP Defense
1 - 0% - 60%
2 - 0% - 40%
PK Forward
1 - 63% - 60% - 5:48
2 - 37% - 40% - 3:23
PK Defense
1 - 50% - 60% - 4:37
2 - 50% - 40% - 4:34
PK3 Forward
1 - 0% - 60%
2 - 0% - 40%
PK3 Defense
1 - 0% - 60%
2 - 0% - 40%
44 Forward
1 - 0% - 60%
2 - 0% - 40%
44 Defense
1 - 0% - 60%
2 - 0% - 40%
Last Minute Offensive  - 0:00
Last Minute Defensive  - 0:00
Total
Forward - 60:00
Defense - 60:00

Play by Play

1st period


0:01 of 1st period - Drew Stafford wins face-off versus Mike Ribeiro in neutral zone.
0:28 of 1st period - Shot by Alexander Killorn.
0:28 of 1st period - Stopped by Michal Neuvirth without a rebound.
0:29 of 1st period - Mikko Koivu wins face-off versus Jean-Gabriel Pageau in Devils zone.
0:57 of 1st period - Shot by Dan Boyle.
0:57 of 1st period - Stopped by Michal Neuvirth without a rebound.
0:58 of 1st period - Mike Santorelli wins face-off versus Brandon Sutter in Devils zone.
1:03 of 1st period - Shot by Kyle Brodziak.
1:03 of 1st period - Deflect By Mike Santorelli.
1:03 of 1st period - Shot Misses the Net.
1:34 of 1st period - Icing by Darren Helm.
1:35 of 1st period - Mike Ribeiro wins face-off versus Brandon Sutter in Devils zone.
1:38 of 1st period - Shot by Mike Ribeiro.
1:38 of 1st period - Stopped by Michal Neuvirth without a rebound.
1:39 of 1st period - Jean-Gabriel Pageau wins face-off versus Tyler Johnson in Devils zone.
1:39 of 1st period - Joel Ward is hit by Anton Stralman and loses puck.
2:06 of 1st period - Shot by Pierre-Alexandr Parenteau.
2:06 of 1st period - Shot Blocked by Anton Stralman.
2:08 of 1st period - Shot by Pierre-Alexandr Parenteau.
2:08 of 1st period - Stopped by Michal Neuvirth without a rebound.
2:09 of 1st period - Mikko Koivu wins face-off versus James Sheppard in Devils zone.
2:09 of 1st period - Mikko Koivu is hit by James Sheppard.
2:19 of 1st period - Shot by Mikko Koivu.
2:19 of 1st period - Shot Blocked by Andrew MacDonald.
2:21 of 1st period - Shot by Trevor Daley.
2:21 of 1st period - Stopped by Chad Johnson without a rebound.
2:22 of 1st period - Mikko Koivu wins face-off versus Mike Ribeiro in Flyers zone.
2:29 of 1st period - Shot by James Neal.
2:29 of 1st period - Stopped by Chad Johnson without a rebound.
2:30 of 1st period - Mike Ribeiro wins face-off versus Mikko Koivu in Flyers zone.
2:42 of 1st period - Off-side.
2:43 of 1st period - Tyler Johnson wins face-off versus Damien Brunner in neutral zone.
3:01 of 1st period - Shot by James Sheppard.
3:01 of 1st period - Shot Misses the Net.
3:03 of 1st period - Shot by Olli Jokinen.
3:03 of 1st period - Goal by Olli Jokinen - Flyers : 1 - Devils : 0.
3:04 of 1st period - Mike Ribeiro wins face-off versus Mikko Koivu in neutral zone.
3:15 of 1st period - Shot by Brian Gionta.
3:15 of 1st period - Shot Misses the Net.
3:17 of 1st period - Shot by Mike Ribeiro.
3:17 of 1st period - Stopped by Michal Neuvirth without a rebound.
3:18 of 1st period - Tyler Johnson wins face-off versus Kyle Brodziak in Devils zone.
3:27 of 1st period - Shot by Valtteri Filppula.
3:27 of 1st period - Stopped by Chad Johnson without a rebound.
3:28 of 1st period - Jean-Gabriel Pageau wins face-off versus Mikko Koivu in Flyers zone.
3:28 of 1st period - Joel Ward is hit by James Neal and loses puck.
4:02 of 1st period - Minor Penalty to James Neal for Close Hand On Puck.
4:03 of 1st period - Mikko Koivu wins face-off versus Mike Ribeiro in Devils zone.
4:03 of 1st period - Dougie Hamilton is hit by Mike Santorelli and loses puck.
5:11 of 1st period - Shot by Dan Boyle.
5:11 of 1st period - Shot Blocked by Anton Stralman.
6:26 of 1st period - Shot by James Neal.
6:26 of 1st period - Shot Misses the Net.
6:34 of 1st period - Shot by Tommy Wingels.
6:34 of 1st period - Goal by Tommy Wingels - Flyers : 1 - Devils : 1.
6:35 of 1st period - Kyle Brodziak wins face-off versus Tyler Johnson in neutral zone.
7:12 of 1st period - Martin Marincin is hit by Drew Stafford.
7:53 of 1st period - Icing by Anton Stralman.
7:54 of 1st period - Jean-Gabriel Pageau wins face-off versus Brandon Sutter in Devils zone.
8:31 of 1st period - Shot by Mikko Koivu.
8:31 of 1st period - Goal by Mikko Koivu - Flyers : 1 - Devils : 2.
8:32 of 1st period - Mikko Koivu wins face-off versus Mike Ribeiro in neutral zone.
8:47 of 1st period - Shot by Ryan Ellis.
8:47 of 1st period - Stopped by Michal Neuvirth without a rebound.
8:48 of 1st period - Tyler Johnson wins face-off versus James Sheppard in Devils zone.
9:12 of 1st period - Shot by Drew Stafford.
9:12 of 1st period - Stopped by Chad Johnson with a rebound.
9:14 of 1st period - Shot by Valtteri Filppula.
9:14 of 1st period - Stopped by Chad Johnson without a rebound.
9:15 of 1st period - Mike Ribeiro wins face-off versus Mikko Koivu in Flyers zone.
9:38 of 1st period - Shot by Mikko Koivu.
9:38 of 1st period - Stopped by Chad Johnson without a rebound.
9:39 of 1st period - Jean-Gabriel Pageau wins face-off versus Tyler Johnson in Flyers zone.
9:43 of 1st period - Icing by Jean-Gabriel Pageau.
9:44 of 1st period - Tyler Johnson wins face-off versus Jean-Gabriel Pageau in Flyers zone.
9:57 of 1st period - Shot by Tyler Johnson.
9:57 of 1st period - Deflect By Valtteri Filppula.
9:57 of 1st period - Stopped by Chad Johnson without a rebound.
9:58 of 1st period - Alexander Killorn wins face-off versus Mikko Koivu in Flyers zone.
10:15 of 1st period - Shot by Mikko Koivu.
10:15 of 1st period - Deflect By Johan Franzen.
10:15 of 1st period - Shot Blocked by Damon Severson.
10:32 of 1st period - Shot by James Neal.
10:32 of 1st period - Stopped by Chad Johnson without a rebound.
10:33 of 1st period - Tyler Johnson wins face-off versus Kyle Brodziak in Flyers zone.
10:44 of 1st period - Shot by Valtteri Filppula.
10:44 of 1st period - Stopped by Chad Johnson with a rebound.
11:44 of 1st period - Shot by Jean-Gabriel Pageau.
11:44 of 1st period - Stopped by Michal Neuvirth with a rebound.
11:46 of 1st period - Shot by Martin Marincin.
11:46 of 1st period - Stopped by Michal Neuvirth without a rebound.
11:47 of 1st period - Mike Ribeiro wins face-off versus Mikko Koivu in Devils zone.
11:47 of 1st period - Mike Ribeiro is hit by Anton Stralman.
11:50 of 1st period - Minor Penalty to Dougie Hamilton for Tripping.
11:51 of 1st period - Mikko Koivu wins face-off versus James Sheppard in Devils zone.
11:51 of 1st period - Mikko Koivu is hit by James Sheppard.
12:06 of 1st period - Shot by Luca Sbisa.
12:06 of 1st period - Stopped by Michal Neuvirth with a rebound.
12:08 of 1st period - Shot by Luca Sbisa.
12:08 of 1st period - Shot Misses the Net.
12:22 of 1st period - Shot by Olli Jokinen.
12:22 of 1st period - Stopped by Michal Neuvirth without a rebound.
12:23 of 1st period - Mike Ribeiro wins face-off versus Mikko Koivu in Devils zone.
12:24 of 1st period - Shot by Dan Boyle.
12:24 of 1st period - Shot Misses the Net.
12:26 of 1st period - Shot by Alexander Killorn.
12:26 of 1st period - Shot Misses the Net.
12:28 of 1st period - Shot by Alexander Killorn.
12:28 of 1st period - Stopped by Michal Neuvirth without a rebound.
12:29 of 1st period - Mikko Koivu wins face-off versus Mike Ribeiro in Devils zone.
12:29 of 1st period - Mikko Koivu is hit by Mike Santorelli.
14:04 of 1st period - Shot by Tommy Wingels.
14:04 of 1st period - Shot Misses the Net.
14:06 of 1st period - Shot by Michal Rozsival.
14:06 of 1st period - Shot Misses the Net.
14:56 of 1st period - Shot by Mike Santorelli.
14:56 of 1st period - Shot Misses the Net.
15:04 of 1st period - Shot by Martin Marincin.
15:04 of 1st period - Shot Blocked by Anton Stralman.
15:16 of 1st period - Shot by Mike Santorelli.
15:16 of 1st period - Goal by Mike Santorelli - Flyers : 2 - Devils : 2.
15:17 of 1st period - Tyler Johnson wins face-off versus Mike Ribeiro in neutral zone.
15:54 of 1st period - Shot by Tyler Johnson.
15:54 of 1st period - Deflect By Valtteri Filppula.
15:54 of 1st period - Stopped by Chad Johnson without a rebound.
15:55 of 1st period - Jean-Gabriel Pageau wins face-off versus Brandon Sutter in Flyers zone.
16:14 of 1st period - Shot by Brandon Sutter.
16:14 of 1st period - Shot Blocked by Luca Sbisa.
16:16 of 1st period - Shot by Darren Helm.
16:16 of 1st period - Stopped by Chad Johnson without a rebound.
16:17 of 1st period - James Sheppard wins face-off versus Mikko Koivu in Flyers zone.
16:17 of 1st period - Dan Boyle is hit by Johan Franzen.
16:21 of 1st period - James Sheppard is hit by James Neal and loses puck.
16:52 of 1st period - Shot by Johan Franzen.
16:52 of 1st period - Goal by Johan Franzen - Flyers : 2 - Devils : 3.
16:53 of 1st period - Mike Ribeiro wins face-off versus Tyler Johnson in neutral zone.
16:53 of 1st period - Brian Gionta is hit by Drew Stafford and loses puck.
17:08 of 1st period - Shot by Brian Gionta.
17:08 of 1st period - Shot Misses the Net.
17:13 of 1st period - Minor Penalty to Dan Hamhuis for Boarding.
17:14 of 1st period - Mikko Koivu wins face-off versus Mike Ribeiro in Devils zone.
17:14 of 1st period - Mikko Koivu is hit by Mike Santorelli.
17:35 of 1st period - Icing by Alexander Killorn.
17:36 of 1st period - Mike Ribeiro wins face-off versus Mikko Koivu in Flyers zone.
17:59 of 1st period - Shot by Mike Ribeiro.
17:59 of 1st period - Shot Misses the Net.
18:01 of 1st period - Shot by Damon Severson.
18:01 of 1st period - Shot Blocked by Anton Stralman.
19:17 of 1st period - Shot by Jean-Gabriel Pageau.
19:17 of 1st period - Shot Misses the Net.
19:29 of 1st period - Shot by Pierre-Alexandr Parenteau.
19:29 of 1st period - Stopped by Michal Neuvirth without a rebound.
19:30 of 1st period - Jean-Gabriel Pageau wins face-off versus Tommy Wingels in Devils zone.
Goals for this period are 2 for Flyers vs 3 for Devils.
Shots for this period are 14 for Flyers vs 14 for Devils.

2nd period


0:01 of 2nd period - Mike Ribeiro wins face-off versus Tyler Johnson in neutral zone.
0:09 of 2nd period - Mike Ribeiro is hit by Dougie Hamilton.
0:36 of 2nd period - Shot by Mike Ribeiro.
0:36 of 2nd period - Shot Blocked by Anton Stralman.
0:42 of 2nd period - Shot by Brian Gionta.
0:42 of 2nd period - Shot Misses the Net.
1:08 of 2nd period - Shot by Damien Brunner.
1:08 of 2nd period - Deflect By Mike Santorelli.
1:08 of 2nd period - Stopped by Michal Neuvirth without a rebound.
1:09 of 2nd period - Mikko Koivu wins face-off versus Jean-Gabriel Pageau in Devils zone.
1:41 of 2nd period - Pierre-Alexandr Parenteau is hit by Trevor Daley and loses puck.
1:51 of 2nd period - Off-side.
1:52 of 2nd period - Alexander Killorn wins face-off versus Brandon Sutter in neutral zone.
1:59 of 2nd period - Shot by Mike Ribeiro.
1:59 of 2nd period - Stopped by Michal Neuvirth without a rebound.
2:00 of 2nd period - Brian Gionta wins face-off versus Brandon Sutter in Devils zone.
2:03 of 2nd period - Shot by Mike Ribeiro.
2:03 of 2nd period - Deflect By Brian Gionta.
2:03 of 2nd period - Shot Blocked by Darren Helm.
2:05 of 2nd period - Shot by Ryan Ellis.
2:05 of 2nd period - Shot Blocked by Nick Schultz.
2:40 of 2nd period - Shot by Brian Gionta.
2:40 of 2nd period - Stopped by Michal Neuvirth without a rebound.
2:41 of 2nd period - Tyler Johnson wins face-off versus Mike Santorelli in Devils zone.
2:41 of 2nd period - Tyler Johnson is hit by Mike Santorelli.
2:49 of 2nd period - Mike Santorelli is hit by Drew Stafford and loses puck.
3:02 of 2nd period - Shot by Kyle Brodziak.
3:02 of 2nd period - Shot Blocked by Tyler Johnson.
3:04 of 2nd period - Shot by Kyle Brodziak.
3:04 of 2nd period - Shot Misses the Net.
3:06 of 2nd period - Shot by Damien Brunner.
3:06 of 2nd period - Deflect By Mike Santorelli.
3:06 of 2nd period - Shot Misses the Net.
3:08 of 2nd period - Shot by Martin Marincin.
3:08 of 2nd period - Stopped by Michal Neuvirth with a rebound.
3:10 of 2nd period - Shot by Mike Santorelli.
3:10 of 2nd period - Stopped by Michal Neuvirth without a rebound.
3:11 of 2nd period - Mikko Koivu wins face-off versus Jean-Gabriel Pageau in Devils zone.
3:30 of 2nd period - Dan Hamhuis is hit by Jean-Gabriel Pageau.
3:50 of 2nd period - Shot by Jean-Gabriel Pageau.
3:50 of 2nd period - Shot Misses the Net.
3:52 of 2nd period - Shot by Andrew MacDonald.
3:52 of 2nd period - Stopped by Michal Neuvirth without a rebound.
3:53 of 2nd period - Mike Ribeiro wins face-off versus Tyler Johnson in Devils zone.
4:21 of 2nd period - Shot by Tyler Johnson.
4:21 of 2nd period - Shot Blocked by Ryan Ellis.
5:27 of 2nd period - Brian Gionta is hit by Tommy Wingels and loses puck.
5:50 of 2nd period - Shot by Brandon Sutter.
5:50 of 2nd period - Stopped by Chad Johnson with a rebound.
5:56 of 2nd period - Shot by Brandon Sutter.
5:56 of 2nd period - Shot Misses the Net.
5:58 of 2nd period - Shot by Brandon Sutter.
5:58 of 2nd period - Stopped by Chad Johnson without a rebound.
5:59 of 2nd period - Mike Santorelli wins face-off versus Brandon Sutter in Flyers zone.
6:03 of 2nd period - Icing by Martin Marincin.
6:04 of 2nd period - Kyle Brodziak wins face-off versus Mikko Koivu in Flyers zone.
6:06 of 2nd period - Icing by Dan Boyle.
6:07 of 2nd period - Kyle Brodziak wins face-off versus Valtteri Filppula in Flyers zone.
6:11 of 2nd period - Icing by Kyle Brodziak.
6:12 of 2nd period - Tyler Johnson wins face-off versus Kyle Brodziak in Flyers zone.
6:15 of 2nd period - Shot by Tyler Johnson.
6:15 of 2nd period - Stopped by Chad Johnson without a rebound.
6:16 of 2nd period - Kyle Brodziak wins face-off versus Tyler Johnson in Flyers zone.
6:18 of 2nd period - Icing by Damien Brunner.
6:19 of 2nd period - Kyle Brodziak wins face-off versus Tyler Johnson in Flyers zone.
6:32 of 2nd period - Drew Stafford is hit by Mike Santorelli and loses puck.
6:40 of 2nd period - Icing by Martin Marincin.
6:41 of 2nd period - Kyle Brodziak wins face-off versus Mikko Koivu in Flyers zone.
7:45 of 2nd period - Shot by Tyler Johnson.
7:45 of 2nd period - Stopped by Chad Johnson with a rebound.
8:01 of 2nd period - Shot by Valtteri Filppula.
8:01 of 2nd period - Shot Misses the Net.
8:45 of 2nd period - Off-side.
8:46 of 2nd period - James Sheppard wins face-off versus Mikko Koivu in neutral zone.
8:48 of 2nd period - Damon Severson is hit by Justin Schultz and loses puck.
9:09 of 2nd period - Minor Penalty to Trevor Daley for Tripping.
9:10 of 2nd period - Mikko Koivu wins face-off versus Mike Ribeiro in Devils zone.
9:16 of 2nd period - Icing by Alexander Killorn.
9:17 of 2nd period - Mike Ribeiro wins face-off versus Mikko Koivu in Flyers zone.
9:30 of 2nd period - Shot by Mike Ribeiro.
9:30 of 2nd period - Stopped by Michal Neuvirth without a rebound.
9:31 of 2nd period - Mikko Koivu wins face-off versus James Sheppard in Devils zone.
9:42 of 2nd period - Shot by Dan Boyle.
9:42 of 2nd period - Shot Blocked by Dougie Hamilton.
10:33 of 2nd period - Icing by Mike Ribeiro.
10:34 of 2nd period - Brandon Sutter wins face-off versus Mike Ribeiro in Flyers zone.
11:15 of 2nd period - Shot by Tommy Wingels.
11:15 of 2nd period - Stopped by Chad Johnson with a rebound.
11:26 of 2nd period - Tommy Wingels is hit by Tom Gilbert and loses puck.
11:31 of 2nd period - Shot by Brandon Sutter.
11:31 of 2nd period - Shot Blocked by Tom Gilbert.
11:33 of 2nd period - Shot by Michal Rozsival.
11:33 of 2nd period - Goal by Michal Rozsival - Flyers : 2 - Devils : 4.
11:34 of 2nd period - James Sheppard wins face-off versus Valtteri Filppula in neutral zone.
11:43 of 2nd period - Shot by Olli Jokinen.
11:43 of 2nd period - Shot Misses the Net.
11:45 of 2nd period - Shot by Dan Boyle.
11:45 of 2nd period - Stopped by Michal Neuvirth with a rebound.
11:55 of 2nd period - Shot by James Sheppard.
11:55 of 2nd period - Stopped by Michal Neuvirth without a rebound.
11:56 of 2nd period - Mikko Koivu wins face-off versus Mike Ribeiro in Devils zone.
12:03 of 2nd period - Shot by James Neal.
12:03 of 2nd period - Shot Blocked by Ryan Ellis.
12:05 of 2nd period - Shot by Mikko Koivu.
12:05 of 2nd period - Shot Misses the Net.
12:29 of 2nd period - Shot by Johan Franzen.
12:29 of 2nd period - Goal by Johan Franzen - Flyers : 2 - Devils : 5.
12:30 of 2nd period - Tyler Johnson wins face-off versus Kyle Brodziak in neutral zone.
12:59 of 2nd period - Shot by Dan Boyle.
12:59 of 2nd period - Deflect By Damien Brunner.
12:59 of 2nd period - Stopped by Michal Neuvirth without a rebound.
13:00 of 2nd period - Brandon Sutter wins face-off versus Pierre-Alexandr Parenteau in Devils zone.
13:05 of 2nd period - Joel Ward is hit by Tommy Wingels and loses puck.
13:17 of 2nd period - Shot by Pierre-Alexandr Parenteau.
13:17 of 2nd period - Stopped by Michal Neuvirth without a rebound.
13:18 of 2nd period - Mikko Koivu wins face-off versus Mike Ribeiro in Devils zone.
13:23 of 2nd period - Shot by Johan Franzen.
13:23 of 2nd period - Stopped by Chad Johnson without a rebound.
13:24 of 2nd period - Mike Ribeiro wins face-off versus Tyler Johnson in Flyers zone.
13:24 of 2nd period - Mike Ribeiro is hit by Tyler Johnson.
14:56 of 2nd period - Shot by Damien Brunner.
14:56 of 2nd period - Shot Misses the Net.
14:58 of 2nd period - Shot by Kyle Brodziak.
14:58 of 2nd period - Stopped by Michal Neuvirth without a rebound.
14:59 of 2nd period - Brandon Sutter wins face-off versus Jean-Gabriel Pageau in Devils zone.
14:59 of 2nd period - Brandon Sutter is hit by Jean-Gabriel Pageau.
15:24 of 2nd period - Andrew MacDonald is hit by Tommy Wingels and loses puck.
15:29 of 2nd period - Shot by Brandon Sutter.
15:29 of 2nd period - Shot Misses the Net.
15:31 of 2nd period - Shot by Nick Schultz.
15:31 of 2nd period - Stopped by Chad Johnson with a rebound.
15:41 of 2nd period - Shot by Brandon Sutter.
15:41 of 2nd period - Stopped by Chad Johnson with a rebound.
16:01 of 2nd period - Shot by Tyler Johnson.
16:01 of 2nd period - Stopped by Chad Johnson without a rebound.
16:02 of 2nd period - Brian Gionta wins face-off versus Mikko Koivu in Flyers zone.
16:02 of 2nd period - Brian Gionta is hit by Johan Franzen.
16:31 of 2nd period - Shot by Trevor Daley.
16:31 of 2nd period - Stopped by Chad Johnson with a rebound.
16:33 of 2nd period - Shot by Mikko Koivu.
16:33 of 2nd period - Shot Misses the Net.
17:41 of 2nd period - Shot by Valtteri Filppula.
17:41 of 2nd period - Deflect By Tyler Johnson.
17:41 of 2nd period - Shot Misses the Net.
18:00 of 2nd period - Off-side.
18:01 of 2nd period - Jean-Gabriel Pageau wins face-off versus Darren Helm in neutral zone.
18:14 of 2nd period - Shot by Joel Ward.
18:14 of 2nd period - Stopped by Michal Neuvirth without a rebound.
18:15 of 2nd period - Brandon Sutter wins face-off versus Mike Ribeiro in Devils zone.
18:36 of 2nd period - Shot by Tommy Wingels.
18:36 of 2nd period - Shot Blocked by Dan Boyle.
18:44 of 2nd period - Shot by Tommy Wingels.
18:44 of 2nd period - Shot Misses the Net.
18:46 of 2nd period - Shot by Tommy Wingels.
18:46 of 2nd period - Shot Misses the Net.
18:48 of 2nd period - Shot by Trevor Daley.
18:48 of 2nd period - Goal by Trevor Daley - Flyers : 2 - Devils : 6.
18:49 of 2nd period - Jean-Gabriel Pageau wins face-off versus Tyler Johnson in neutral zone.
18:49 of 2nd period - Jean-Gabriel Pageau is hit by Drew Stafford.
19:44 of 2nd period - Icing by Tom Gilbert.
19:45 of 2nd period - Jean-Gabriel Pageau wins face-off versus Tommy Wingels in Flyers zone.
19:45 of 2nd period - Jean-Gabriel Pageau is hit by Mikko Koivu.
Goals for this period are 0 for Flyers vs 3 for Devils.
Shots for this period are 13 for Flyers vs 13 for Devils.

3rd period


0:01 of 3rd period - Tyler Johnson wins face-off versus James Sheppard in neutral zone.
0:26 of 3rd period - Shot by Drew Stafford.
0:26 of 3rd period - Stopped by Chad Johnson without a rebound.
0:27 of 3rd period - Johan Franzen wins face-off versus Alexander Killorn in Flyers zone.
1:46 of 3rd period - Shot by Tyler Johnson.
1:46 of 3rd period - Shot Misses the Net.
2:37 of 3rd period - Shot by Martin Marincin.
2:37 of 3rd period - Shot Misses the Net.
2:39 of 3rd period - Shot by Mike Santorelli.
2:39 of 3rd period - Shot Blocked by Tommy Wingels.
2:41 of 3rd period - Shot by Mike Santorelli.
2:41 of 3rd period - Deflect By Kyle Brodziak.
2:41 of 3rd period - Shot Misses the Net.
2:55 of 3rd period - Shot by Kyle Brodziak.
2:55 of 3rd period - Stopped by Michal Neuvirth without a rebound.
2:56 of 3rd period - Mikko Koivu wins face-off versus Jean-Gabriel Pageau in Devils zone.
4:05 of 3rd period - Anton Stralman is hit by James Sheppard and loses puck.
4:14 of 3rd period - Shot by James Sheppard.
4:14 of 3rd period - Shot Blocked by Anton Stralman.
4:40 of 3rd period - James Sheppard is hit by Tommy Wingels and loses puck.
5:45 of 3rd period - Shot by Mikko Koivu.
5:45 of 3rd period - Stopped by Chad Johnson with a rebound.
5:49 of 3rd period - Shot by Johan Franzen.
5:49 of 3rd period - Shot Misses the Net.
5:57 of 3rd period - Shot by Mikko Koivu.
5:57 of 3rd period - Stopped by Chad Johnson with a rebound.
5:59 of 3rd period - Shot by Mikko Koivu.
5:59 of 3rd period - Stopped by Chad Johnson without a rebound.
6:00 of 3rd period - Tyler Johnson wins face-off versus Kyle Brodziak in Flyers zone.
6:03 of 3rd period - Shot by Valtteri Filppula.
6:03 of 3rd period - Shot Misses the Net.
6:09 of 3rd period - Shot by Tyler Johnson.
6:09 of 3rd period - Stopped by Chad Johnson with a rebound.
6:21 of 3rd period - Shot by Valtteri Filppula.
6:21 of 3rd period - Deflect By Drew Stafford.
6:21 of 3rd period - Stopped by Chad Johnson without a rebound.
6:22 of 3rd period - James Sheppard wins face-off versus Mikko Koivu in Flyers zone.
6:36 of 3rd period - Off-side.
6:37 of 3rd period - Tyler Johnson wins face-off versus Brian Gionta in neutral zone.
6:42 of 3rd period - Shot by Tyler Johnson.
6:42 of 3rd period - Stopped by Chad Johnson without a rebound.
6:43 of 3rd period - Tyler Johnson wins face-off versus Brian Gionta in Flyers zone.
7:20 of 3rd period - Shot by Tyler Johnson.
7:20 of 3rd period - Stopped by Chad Johnson without a rebound.
7:21 of 3rd period - Pierre-Alexandr Parenteau wins face-off versus Mikko Koivu in Flyers zone.
7:21 of 3rd period - Joel Ward is hit by Tommy Wingels.
7:22 of 3rd period - Minor Penalty to Tommy Wingels for Slashing.
7:23 of 3rd period - James Sheppard wins face-off versus Mikko Koivu in Devils zone.
7:24 of 3rd period - Shot by Luca Sbisa.
7:24 of 3rd period - Stopped by Michal Neuvirth with a rebound.
7:32 of 3rd period - Shot by Luca Sbisa.
7:32 of 3rd period - Shot Misses the Net.
7:34 of 3rd period - Shot by Luca Sbisa.
7:34 of 3rd period - Stopped by Michal Neuvirth without a rebound.
7:35 of 3rd period - Mikko Koivu wins face-off versus Mike Ribeiro in Devils zone.
8:37 of 3rd period - Shot by James Sheppard.
8:37 of 3rd period - Deflect By Brian Gionta.
8:37 of 3rd period - Goal by Brian Gionta - Flyers : 3 - Devils : 6.
8:38 of 3rd period - Jean-Gabriel Pageau wins face-off versus Mikko Koivu in neutral zone.
8:44 of 3rd period - Icing by Dougie Hamilton.
8:45 of 3rd period - Mikko Koivu wins face-off versus Jean-Gabriel Pageau in Devils zone.
8:56 of 3rd period - Joel Ward is hit by Tommy Wingels and loses puck.
9:48 of 3rd period - Shot by Dan Boyle.
9:48 of 3rd period - Shot Misses the Net.
9:50 of 3rd period - Shot by Kyle Brodziak.
9:50 of 3rd period - Deflect By Damien Brunner.
9:50 of 3rd period - Shot Blocked by Dan Hamhuis.
10:14 of 3rd period - Shot by Tyler Johnson.
10:14 of 3rd period - Shot Misses the Net.
10:17 of 3rd period - Icing by Dan Boyle.
10:18 of 3rd period - Brandon Sutter wins face-off versus Kyle Brodziak in Flyers zone.
10:22 of 3rd period - Darren Helm is hit by Martin Marincin and loses puck.
10:31 of 3rd period - Nick Schultz is hit by Mike Santorelli and loses puck.
10:53 of 3rd period - Shot by Brian Gionta.
10:53 of 3rd period - Stopped by Michal Neuvirth without a rebound.
10:54 of 3rd period - Tyler Johnson wins face-off versus Jean-Gabriel Pageau in Devils zone.
11:05 of 3rd period - Dougie Hamilton is hit by Jean-Gabriel Pageau.
11:06 of 3rd period - Icing by Dougie Hamilton.
11:07 of 3rd period - Mike Ribeiro wins face-off versus Drew Stafford in Devils zone.
11:14 of 3rd period - Shot by Brian Gionta.
11:14 of 3rd period - Stopped by Michal Neuvirth without a rebound.
11:15 of 3rd period - Mikko Koivu wins face-off versus Mike Ribeiro in Devils zone.
12:07 of 3rd period - Icing by Mikko Koivu.
12:08 of 3rd period - Jean-Gabriel Pageau wins face-off versus Mikko Koivu in Devils zone.
12:30 of 3rd period - Shot by Pierre-Alexandr Parenteau.
12:30 of 3rd period - Stopped by Michal Neuvirth without a rebound.
12:31 of 3rd period - Kyle Brodziak wins face-off versus Tyler Johnson in Devils zone.
12:32 of 3rd period - Shot by Mike Santorelli.
12:32 of 3rd period - Stopped by Michal Neuvirth with a rebound.
12:45 of 3rd period - Icing by Valtteri Filppula.
12:46 of 3rd period - Jean-Gabriel Pageau wins face-off versus Tyler Johnson in Devils zone.
12:55 of 3rd period - Shot by Jean-Gabriel Pageau.
12:55 of 3rd period - Stopped by Michal Neuvirth without a rebound.
12:56 of 3rd period - Brandon Sutter wins face-off versus Mike Ribeiro in Devils zone.
12:56 of 3rd period - Brandon Sutter is hit by Brian Gionta.
12:59 of 3rd period - Michal Rozsival is hit by Brian Gionta and loses puck.
13:12 of 3rd period - Shot by Brandon Sutter.
13:12 of 3rd period - Stopped by Chad Johnson without a rebound.
13:13 of 3rd period - Valtteri Filppula wins face-off versus Jean-Gabriel Pageau in Flyers zone.
14:19 of 3rd period - Ryan Ellis is hit by James Neal and loses puck.
14:32 of 3rd period - Shot by James Neal.
14:32 of 3rd period - Stopped by Chad Johnson without a rebound.
14:33 of 3rd period - James Sheppard wins face-off versus Brandon Sutter in Flyers zone.
14:33 of 3rd period - James Sheppard is hit by Darren Helm.
15:07 of 3rd period - Shot by James Sheppard.
15:07 of 3rd period - Shot Misses the Net.
15:09 of 3rd period - Shot by Tom Gilbert.
15:09 of 3rd period - Shot Blocked by Nick Schultz.
15:11 of 3rd period - Shot by Damien Brunner.
15:11 of 3rd period - Shot Misses the Net.
15:13 of 3rd period - Shot by James Sheppard.
15:13 of 3rd period - Shot Blocked by Nick Schultz.
15:35 of 3rd period - Shot by Mike Ribeiro.
15:35 of 3rd period - Stopped by Michal Neuvirth without a rebound.
15:36 of 3rd period - Tyler Johnson wins face-off versus Jean-Gabriel Pageau in Devils zone.
15:47 of 3rd period - Shot by Valtteri Filppula.
15:47 of 3rd period - Deflect By Tyler Johnson.
15:47 of 3rd period - Shot Misses the Net.
15:49 of 3rd period - Shot by Anton Stralman.
15:49 of 3rd period - Shot Blocked by Jean-Gabriel Pageau.
15:57 of 3rd period - Shot by Tyler Johnson.
15:57 of 3rd period - Stopped by Chad Johnson with a rebound.
16:11 of 3rd period - Shot by Valtteri Filppula.
16:11 of 3rd period - Shot Misses the Net.
16:13 of 3rd period - Shot by Dougie Hamilton.
16:13 of 3rd period - Stopped by Chad Johnson without a rebound.
16:14 of 3rd period - Mikko Koivu wins face-off versus Mike Ribeiro in Flyers zone.
16:15 of 3rd period - Shot by Johan Franzen.
16:15 of 3rd period - Shot Misses the Net.
16:23 of 3rd period - Shot by Mike Ribeiro.
16:23 of 3rd period - Stopped by Michal Neuvirth without a rebound.
16:24 of 3rd period - Kyle Brodziak wins face-off versus Mikko Koivu in Devils zone.
16:27 of 3rd period - Shot by Damien Brunner.
16:27 of 3rd period - Shot Misses the Net.
16:30 of 3rd period - Icing by Trevor Daley.
16:31 of 3rd period - Kyle Brodziak wins face-off versus Mikko Koivu in Devils zone.
17:00 of 3rd period - Shot by Tommy Wingels.
17:00 of 3rd period - Stopped by Chad Johnson without a rebound.
17:01 of 3rd period - Tyler Johnson wins face-off versus Mike Ribeiro in Flyers zone.
17:11 of 3rd period - Off-side.
17:12 of 3rd period - Jean-Gabriel Pageau wins face-off versus Mikko Koivu in neutral zone.
17:30 of 3rd period - Shot by Jean-Gabriel Pageau.
17:30 of 3rd period - Deflect By Pierre-Alexandr Parenteau.
17:30 of 3rd period - Shot Blocked by Michal Rozsival.
19:56 of 3rd period - Ryan Ellis is hit by Johan Franzen and loses puck.
Goals for this period are 1 for Flyers vs 0 for Devils.
Shots for this period are 11 for Flyers vs 13 for Devils.